 Dungeon Crawl Stone Soup version 0.28-a0-631-g0446da8ef9 (webtiles) character file.

Game seed: 16532507130339392069

299 BlueGoblin the Covered (level 6, 0/32 HPs)
             Began as a Vine Stalker Fighter on Oct 10, 2021.
             Slain by Menkaure (8 damage)
             ... on level 4 of the Dungeon.
             The game lasted 00:06:30 (2831 turns).

BlueGoblin the Covered (Vine Stalker Fighter)       Turns: 2831, Time: 00:06:31

Health: 0/32       AC:  8    Str: 21    XL:     6   Next: 36%
Magic:  0/7        EV: 10    Int:  8    God:
Gold:   788        SH:  4    Dex: 13    Spells: 5/5 levels left

rFire   . . .      SeeInvis .   a - +1 war axe
rCold   . . .      Faith    .   c - +0 buckler
rNeg    + . .      Spirit   +   b - +0 scale mail
rPois   .          Reflect  .   (no helmet)
rElec   .          Harm     .   (no cloak)
rCorr   .          Rampage  .   (no gloves)
Will    .....                   n - +0 pair of boots
Stlth   ..........              (no amulet)
HPRegen 1.10/turn               f - ring of positive energy
MPRegen 0.10/turn               (no ring)

@: no status effects
A: fangs 2, regeneration 1, magic shield, antimagic bite, no potion heal 2, high
mp 1
a: no special abilities


You were on level 4 of the Dungeon.
You visited 1 branch of the dungeon, and saw 4 of its levels.

You collected 788 gold pieces.

Inventory:

Hand Weapons
 a - a +1 war axe (weapon)
Armour
 b - a +0 scale mail (worn)
 c - a +0 buckler (worn)
 n - a +0 pair of boots (worn)
Jewellery
 f - a ring of positive energy (left hand)
 h - a ring of positive energy
Scrolls
 e - a scroll of immolation {unknown}
Potions
 d - a potion of might
 g - 2 potions of flight {unknown}
 i - a potion of ambrosia {unknown}
 j - a potion of heal wounds {unknown}
 k - a potion of curing {unknown}
 l - a potion of berserk rage {unknown}
 m - a potion of degeneration {unknown}
 o - a potion of lignification {unknown}


   Skills:
 + Level 3.2 Fighting
 + Level 3.4 Axes
 * Level 3.8 Armour
 * Level 1.8 Dodging
 + Level 0.1 Stealth
 + Level 3.1 Shields


You had 5 spell levels left.
You didn't know any spells.
Your spell library contained the following spells:

 Spells                   Type           Power      Damage    Failure   Level
 Ignite Poison            Fire/Tmut/Pois 0%         N/A       98%         3
 Mephitic Cloud           Conj/Pois/Air  0%         N/A       98%         3
 Freezing Cloud           Conj/Ice/Air   0%         6-21      100%        5


Dungeon Overview and Level Annotations

Branches:
Dungeon (4/15)
 Temple: D:4-7

Altars:

Shops:
D:2 *

Annotations:
D:4 Menkaure


Innate Abilities, Weirdness & Mutations

You have extremely sharp teeth.
Your natural rate of healing is unusually fast.
When hurt, damage is shared between your health and your magic reserves.
Your bite disrupts and absorbs the magic of your enemies.
Potions cannot restore your health.
You have an increased reservoir of magic. (+10% MP)


Message History

The goblin shouts!
You slash the orc!
You kill the orc!
You hear a bark!
An endoplasm comes into view.
Menkaure shouts!
The endoplasm quivers.
The jackal barks!
You closely miss the jackal. The jackal barely misses you.
The jackal bites you but does no damage.
You closely miss the jackal. You bite the jackal.
You kill the jackal!
You hit the goblin. The goblin hits you but does no damage.
Menkaure calls on the powers of darkness!
The endoplasm convulses!
Your body is wracked with pain!
You block the goblin's attack.
You hit the goblin.
You kill the goblin!
You hit Menkaure but do no damage. You bite Menkaure.
Menkaure's magic leaks into the air.
You drain his magic.
You feel invigorated.
Menkaure is lightly damaged.
Menkaure hits you.
You completely miss the endoplasm. You bite the endoplasm. You drain its power.
You feel invigorated.
The endoplasm is almost dead.
You slash Menkaure! Menkaure hits you!!
Ouch! That really hurt!
* * * LOW HITPOINT WARNING * * *
The endoplasm hits you but does no damage.
Menkaure falters for a moment.
Cleave: a) +1 war axe
Press: ? - help, Dir - move target, f - Menkaure
Aim: Menkaure (heavily damaged, about 27% to evade your +1 war axe)
Okay, then.
You barely miss Menkaure.
Menkaure is heavily damaged.
You hit the endoplasm.
You kill the endoplasm!
Menkaure hits you!
You die...

####....#...#
#.#...
##..........##
#.#.#.
##..#......#.#
#.#.#.
#............#
#.#.#.
....###........#
#...## .##
##...####.# ....
# ###....# ...
... #.).$..#
#... ..(
#...##@..# .#.
#...##.M).## #..
#..#.# #. #..#
.# # #... .#
...## .. .... #.
... .#


You could see Menkaure.

Vanquished Creatures
  A necrophage (D:4)
  A phantom (D:4)
  5 adders
  A worm (D:2)
  2 dart slugs
  5 orcs
  7 ball pythons
  9 endoplasms
  3 giant cockroaches
  6 goblins
  7 hobgoblins
  8 jackals
  4 quokkas
  3 bats
  5 frilled lizards
  5 kobolds
  3 rats
75 creatures vanquished.

Notes
Turn   | Place    | Note
-------+----------+-------------------------------------------
     0 | D:1      | BlueGoblin the Vine Stalker Fighter began the quest for the
                  | Orb.
     0 | D:1      | Reached XP level 1. HP: 11/11 MP: 2/2
   158 | D:1      | Reached XP level 2. HP: 16/16 MP: 3/3
   597 | D:1      | Reached XP level 3. HP: 16/19 MP: 4/4
  1218 | D:2      | Gained mutation: Your natural rate of healing is unusually
                  | fast. [Vine Stalker growth]
  1218 | D:2      | Reached XP level 4. HP: 16/23 MP: 5/5
  1224 | D:2      | Identified a scroll of acquirement
  1224 | D:2      | Acquired 584 gold pieces
  1380 | D:2      | Reached skill level 1 in Dodging
  1476 | D:2      | Found Sesaj's Assorted Antiques.
  1923 | D:2      | Gained mutation: You have an increased reservoir of magic.
                  | (+10% MP) [potion of mutation]
  2216 | D:3      | Reached XP level 5. HP: 28/28 MP: 6/6
  2389 | D:3      | Found a faded altar of an unknown god.
  2704 | D:4      | Noticed Menkaure
  2738 | D:4      | Noticed a phantom
  2753 | D:4      | Killed a phantom
  2795 | D:4      | Noticed a necrophage
  2806 | D:4      | Killed a necrophage
  2807 | D:4      | Reached XP level 6. HP: 31/32 MP: 5/7
  2831 | D:4      | Slain by Menkaure

Illustrated notes

Levels and vault maps discovered:
D:1:      tarquinn_simple_flora_water_f, layout_loops_cross, minmay_ruptured
D:2:      layout_basic, serial_shops, nicolae_shop_statue_plus,
          chequers_serial_rivers_micro_a, lemuel_old_faithful
D:3:      layout_basic, shapermc_ecumenical_altar_acropolis
D:4:      layout_rooms, uniq_duvessa, uniq_menkaure, uniq_pikel

Skill      XL: |  1  2  3  4  5 |
---------------+----------------+-----
Axes           | 2 3 |  3.4
Shields        | 3 |  3.1
Fighting       | 3 |  3.2
Dodging        | 1 |  1.8
Armour         | 3 |  3.8
Stealth        | |  0.1

Action                   |  1- 3 |  4- 6 || total
-------------------------+-------+-------++-------
Melee: War axe           |    83 |   121 ||   204
       Bite              |    19 |    30 ||    49
  Use: Scroll            |       |     3 ||     3
       Potion            |       |     1 ||     1
Armor: Scale mail        |    39 |    68 ||   107
Dodge: Dodged            |    34 |    55 ||    89
Block: Buckler           |    19 |    26 ||    45

Table legend: (Time is in decaauts)
 A = Elapsed time spent in this place.
 B = Non-inter-level travel time spent in this place.
 C = Inter-level travel time spent in this place.
 D = Time resting spent in this place.
 E = Time spent auto-exploring this place.
 F = Levels seen in this place.
 G = Mean time per level.
                   A        B        C        D        E       F      G
               +--------+--------+--------+--------+--------+-----+--------+
         Total |   2913 |   2828 |     85 |    198 |   2087 |   4 |  728.2 |
       Dungeon |   2913 |   2828 |     85 |    198 |   2087 |   4 |  728.2 |
               +--------+--------+--------+--------+--------+-----+--------+

Top non-repeatable levels by time:
     D:2: 1134 daAuts
     D:1: 879 daAuts
     D:3: 791 daAuts
     D:4: 107 daAuts
